 Dungeon Crawl Stone Soup version 0.27-a0-819-g058290f16d (webtiles) character file.

Game seed: 10387211477365956488

58 dickylongcocking the Magician (level 4, 0/49 HPs)
             Began as a Djinni Ice Elementalist on Mar 30, 2021.
             Killed by miscasting Hailstorm (7 damage)
             ... on level 2 of the Dungeon.
             The game lasted 00:02:45 (3213 turns).

dickylongcocking the Magician (DjIE)                Turns: 3213, Time: 00:02:46

Health: 0/49       AC: 28    Str:  7    XL:     4   Next: 1%
Gold:   108        EV:  2    Int: 18    God:
                   SH:  0    Dex: 13

rFire    . . .     SeeInvis .   e - +0 dagger
rCold    . . .     Faith    .   (no shield)
rNeg     + + +     Spirit   .   (armour currently unavailable)
rPois    ∞         Reflect  .   (helmet currently unavailable)
rElec    .         Harm     .   (cloak currently unavailable)
rCorr    .         Rampage  .   (gloves currently unavailable)
Will     .....     NoTele   +   (boots unavailable)
Stlth    ++........             (no amulet)
HPRegen  0.16/turn              (no ring)
MPRegen  0.00/turn              (no ring)

@: ice-armoured, tree-form, frozen ramparts, very slightly contaminated, hasted,
very quick
A: stationary, stasis, torment immunity, boosted hp, (fire resistance 2), (cold
vulnerability 1), float, innate caster, hp casting, extra vitality 1
a: no special abilities


You were on level 2 of the Dungeon.
You were a tree.
You visited 1 branch of the dungeon, and saw 2 of its levels.

You collected 108 gold pieces.

Inventory:

Hand Weapons
 e - a +0 dagger (weapon)
Armour
 a - a +0 robe
 c - a +0 leather armour (melded)
Jewellery
 b - a ring of magical power
Scrolls
 d - a scroll of noise {unknown}


   Skills:
 * Level 2.0 Fighting
 - Level 2.1 Dodging
 - Level 1.5 Stealth
 * Level 4.3 Spellcasting


You couldn't memorise any spells.
You knew the following spells:

 Your Spells              Type           Power      Damage    Failure   Level
a - Freeze                Ice            76%        1d9       2%          1
b - Pain                  Necr           76%        1d7       2%          1
c - Ozocubu's Armour      Ice            19%        N/A       7%          3
d - Hailstorm             Conj/Ice       19%        3d6       24%         4
e - Summon Ice Beast      Ice/Summ       19%        N/A       24%         4
f - Frozen Ramparts       Ice            38%        1d5       7%          3
Your spell library was empty.

Dungeon Overview and Level Annotations

Branches:
Dungeon (2/15)

Altars:


Innate Abilities, Weirdness & Mutations

You are a tree.
Your roots penetrate the ground, keeping you stationary.
You cannot be teleported.
You are immune to unholy pain and torment.
Your maximum health is greatly increased.
Your equipment is partially melded.
You are immune to poison.
((Your flesh is very heat resistant. (rF++)))
((You are vulnerable to cold. (rC-)))
You float through the air rather than walking.
You learn spells naturally, not from books.
Your magical power is your life essence.
You have superior vitality. (+4 HP)


Message History

Your roots penetrate the ground.
It was a potion of curing.
You feel better.
Unknown command.
Casting: Frozen Ramparts (dangerous; 8% risk of failure)
Confirm with . or Enter, or press ? or * to list all spells.
Casting: Frozen Ramparts (dangerous; 8% risk of failure)
Press: ? - help, Dir - look around, f - activate The walls around you are covered in ice.
* * * LOW HITPOINT WARNING * * *
The wall freezes the hobgoblin.
Unknown command.
Unknown command.
Unknown command.
Unknown command.
The wall freezes the hobgoblin.
You kill the hobgoblin!
Your Fighting skill increases to level 2!
You have reached level 4!
You feel clever.
Unknown command.
The wall freezes the ogre.
Casting: Frozen Ramparts (dangerous; 7% risk of failure)
Confirm with . or Enter, or press ? or * to list all spells.
Okay, then.
Casting: Frozen Ramparts (dangerous; 7% risk of failure)
Confirm with . or Enter, or press ? or * to list all spells.
A film of ice covers your body!
* * * LOW HITPOINT WARNING * * *
Unknown command.
Unknown command.
Casting: Ozocubu's Armour (dangerous; 7% risk of failure)
Confirm with . or Enter, or press ? or * to list all spells.
Okay, then.
Casting: Ozocubu's Armour (dangerous; 7% risk of failure)
Confirm with . or Enter, or press ? or * to list all spells.
The spell is quite dangerous to cast (24% risk of failure)!
Continue anyway?
Casting: Hailstorm (quite dangerous; 24% risk of failure)
Press: ? - help, Dir - look around, f - activate You miscast Hailstorm.
Your branches feel numb with cold!
You die...

##.#.................###.#.....#.
##.######.#.##.##.#..............
#.........#.......##.###.#.......
#.)######....#.##................
......###....#.#..........^..#...
#<.....##....#...........#.......
.......##....#..(................
.....#.##.####.....#.##..#...##..
.....w....w...O.♣..#.##..#...###.
.....#.##.#####....+.............
.....#+##+# #....#..........##.
##.##...... #....# ##..##...##.
#.......... ##.................
#........<. #..............##.
........... #.................
........... #.##.###..#.#.###.
#.......... ...#.#. ##.


You could see an ogre and a dart slug.

Vanquished Creatures
  4 worms (D:2)
  7 bats
  5 endoplasms
  2 giant cockroaches
  2 goblins
  5 hobgoblins
  2 jackals (D:1)
  A kobold (D:2)
  2 quokkas
  6 ball pythons
  3 frilled lizards (D:1)
  3 rats
42 creatures vanquished.

Notes
Turn   | Place    | Note
-------+----------+-------------------------------------------
     0 | D:1      | dickylongcocking the Djinni Ice Elementalist began the
                  | quest for the Orb.
     0 | D:1      | Reached XP level 1. HP: 15/15 MP: 0/0
   440 | D:1      | Reached XP level 2. HP: 19/21 MP: 0/0
   681 | D:1      | Reached skill level 4 in Spellcasting
   918 | D:1      | Reached skill level 1 in Fighting
  1112 | D:1      | Reached XP level 3. HP: 25/27 MP: 0/0
  1112 | D:1      | Learned a level 1 spell: Pain
  3183 | D:2      | Noticed an ogre
  3211 | D:2      | Reached XP level 4. HP: 14/33 MP: 0/0
  3213 | D:2      | Killed by miscasting Hailstorm

Illustrated notes

Levels and vault maps discovered:
D:1:      dpeg_arrival_radiant, layout_rooms
D:2:      layout_basic, lemuel_zombie_altar_kikubaaqudgha, minmay_pentomino_r4

Skill      XL: |  1  2  3 |
---------------+----------+-----
Spellcasting   | 4 |  4.3
Fighting       | 1 2 |  2.0
Dodging        | |  2.1
Stealth        | |  1.5

Action                   |  1- 3 |  4- 6 || total
-------------------------+-------+-------++-------
Melee: Unarmed           |    10 |       ||    10
       Dagger            |    30 |       ||    30
 Cast: Freeze            |    47 |       ||    47
       Frozen Ramparts   |    11 |       ||    11
       Ozocubu's Armour  |       |     1 ||     1
  Use: Potion            |     3 |       ||     3
Armor: Robe              |     2 |       ||     2
       Leather armour    |    21 |       ||    21
Dodge: Dodged            |    56 |       ||    56

Table legend: (Time is in decaauts)
 A = Elapsed time spent in this place.
 B = Non-inter-level travel time spent in this place.
 C = Inter-level travel time spent in this place.
 D = Time resting spent in this place.
 E = Time spent auto-exploring this place.
 F = Levels seen in this place.
 G = Mean time per level.
                   A        B        C        D        E       F      G
               +--------+--------+--------+--------+--------+-----+--------+
         Total |   3204 |   3159 |     45 |   1301 |   1485 |   2 | 1602.0 |
       Dungeon |   3204 |   3159 |     45 |   1301 |   1485 |   2 | 1602.0 |
               +--------+--------+--------+--------+--------+-----+--------+

Top non-repeatable levels by time:
     D:2: 1682 daAuts
     D:1: 1522 daAuts
